Map: Dusk Towers

Players

Wardí

  • Race: Terran Terran
  • League: Master

Neeblet (Neeb) - Winner!

  • Race: Protoss Protoss
  • League: Grandmaster

Event: DreamHack ZOWIE Open Leipzig

VOD

Have the link to the VOD?

Description

Time

  • Played on: Jan. 22, 2016, 8:25 a.m.
  • Length: 8:21

All games in this series

Show
View Real Time Build Order
Export as new Build Order

Wardí Terran 

Build Orders: Liberator Opening 

Get SALT Encoding   

  12  0:00  SCV  
  13  0:12  SCV  
  14  0:17  Supply Depot  
  14  0:24  SCV  
  15  0:39  SCV  
  15  0:40  Barracks  
  16  0:49  Refinery  
  16  0:51  SCV  
  17  1:03  SCV  
  18  1:15  SCV  
  19  1:28  Orbital Command  
  20  1:33  Barracks Reactor  
  19  1:44  Command Center  
  19  1:56  SCV  
  20  2:04  Supply Depot  
  20  2:09  Factory, Marine  
  20  2:11  Marine  
  20  2:14  SCV  
  23  2:19  Refinery  
  23  2:28  Marine  
  23  2:29  SCV, Marine  
  26  2:41  SCV  
  27  2:45  Marine  
  27  2:47  Marine  
  28  2:53  Factory Tech Lab, Starport  
  28  3:01  SCV  
  28  3:02  Orbital Command  
  29  3:07  Marine  
  29  3:08  Marine  
  31  3:13  SCV  
  32  3:20  Cyclone  
  32  3:25  SCV  
  36  3:28  Liberator  
  36  3:31  SCV  
  37  3:41  Marine x2  
  37  3:43  SCV x2  
  37  3:45  Supply Depot  
  44  3:55  SCV x2  
  46  4:10  Marine x2  
  46  4:13  SCV  
  46  4:14  SCV  
  50  4:19  Barracks  
  50  4:21  Barracks  
  49  4:33  Marine  
  49  4:34  Factory Tech Lab, Marine  
  49  4:35  Starport Reactor  
  44  5:01  SCV x2  
  45  5:10  Marine x2  
  39  5:16  SCV x2  
  39  5:17  Barracks Tech Lab  
  39  5:18  Barracks Reactor  
  41  5:28  SCV  
  41  5:29  SCV, Engineering Bay  
  43  5:38  Stimpack, Marine x2  
  43  5:39  Marine  
  43  5:41  SCV x2  
  43  5:42  Siege Tank  
  51  5:53  SCV x2  
  53  5:59  Marine  
  54  6:05  Marine x4  
  54  6:09  Refinery  
  54  6:10  SCV x2  
  53  6:12  Terran Infantry Weapons Level 1, Supply Depot x2  
  53  6:17  Missile Turret  
  53  6:21  Missile Turret  
  53  6:26  Marine  
  54  6:33  Marine x3  
  54  6:34  SCV x2  
  54  6:39  Marine  
  60  6:40  Siege Tank  
  60  6:46  SCV x2  
  62  6:52  Supply Depot  
  53  6:57  Marine x3  
  53  6:58  SCV  
  53  7:01  SCV  
  58  7:09  Marine x2  
  58  7:12  Medivac x2  
  58  7:15  SCV  
  65  7:19  SCV  
  66  7:28  SCV, Marine  
  66  7:29  Marine  
  64  7:31  SCV, Marine  
  64  7:32  Marine  
  67  7:39  Marine  
  67  7:41  SCV  
  67  7:43  SCV  
  70  7:46  Marine  
  70  7:47  Marine  
  58  8:07  SCV  
  58  8:08  SCV  
Show
View Real Time Build Order
Export as new Build Order

Neeblet Protoss - Winner!

Build Orders: 1 Gate Expand 

Get SALT Encoding   

  12  0:00  Probe (Chrono Boost)  
  13  0:11  Probe (Chrono Boost)  
  14  0:19  Pylon  
  14  0:22  Probe (Chrono Boost)  
  15  0:37  Probe (Chrono Boost)  
  15  0:38  Gateway  
  16  0:48  Probe (Chrono Boost)  
  17  0:53  Assimilator  
  17  0:58  Probe (Chrono Boost)  
  18  1:09  Probe (Chrono Boost)  
  19  1:18  Nexus  
  19  1:27  Cybernetics Core  
  19  1:31  Probe (Chrono Boost)  
  20  1:38  Assimilator  
  20  1:42  Probe (Chrono Boost)  
  21  1:48  Pylon  
  21  1:52  Probe (Chrono Boost)  
  22  2:03  Probe (Chrono Boost)  
  22  2:04  Warp Gate  
  22  2:06  Adept (Chrono Boost)  
  25  2:14  Probe (Chrono Boost)  
  26  2:25  Probe (Chrono Boost)  
  27  2:30  Probe (Chrono Boost), Robotics Facility  
  27  2:35  Probe (Chrono Boost), Adept  
  31  2:41  Probe (Chrono Boost)  
  32  2:46  Probe (Chrono Boost)  
  33  2:51  Probe (Chrono Boost)  
  33  2:56  Probe (Chrono Boost)  
  35  3:02  Probe (Chrono Boost), Pylon  
  36  3:07  Probe (Chrono Boost)  
  36  3:12  Probe (Chrono Boost)  
  38  3:17  Probe (Chrono Boost)  
  38  3:18  Warp Prism (Chrono Boost)  
  41  3:21  Probe  
  41  3:22  Robotics Bay  
  41  3:25  Assimilator  
  42  3:29  Probe  
  42  3:30  Assimilator  
  42  3:32  Probe  
  44  3:37  Pylon  
  45  3:41  Probe  
  45  3:42  Probe  
  46  3:49  Pylon  
  46  3:51  Pylon  
  46  3:53  Mothership Core, Probe, Observer (Chrono Boost)  
  50  4:03  Probe  
  51  4:11  Disruptor (Chrono Boost)  
  51  4:14  Probe x2  
  51  4:16  Gateway  
  56  4:17  Gateway  
  56  4:25  Probe  
  56  4:27  Probe  
  56  4:29  Sentry  
  60  4:35  Probe  
  57  4:39  Probe  
  57  4:42  Disruptor (Chrono Boost)  
  61  4:46  Probe  
  61  4:51  Probe  
  61  4:55  Pylon  
  61  4:56  Probe  
  61  4:57  Stalker  
  63  5:03  Probe  
  58  5:07  Probe  
  62  5:15  Probe  
  62  5:18  Probe  
  62  5:21  Stalker x2, Observer (Chrono Boost)  
  66  5:24  Stalker  
  66  5:25  Nexus, Pylon, Gravitic Drive (Chrono Boost)  
  66  5:27  Probe  
  69  5:30  Probe  
  70  5:39  Probe, Observer  
  70  5:42  Probe  
  73  5:43  Twilight Council  
  73  5:44  Forge  
  73  5:51  Probe  
  73  5:54  Probe  
  75  5:58  Observer  
  75  6:03  Probe  
  77  6:06  Probe  
  75  6:11  Stalker x2  
  75  6:12  Stalker  
  75  6:14  Immortal  
  75  6:16  Probe  
  82  6:18  Probe  
  87  6:25  Protoss Ground Armor Level 1  
  87  6:28  Probe  
  87  6:30  Probe  
  89  6:36  Probe  
  90  6:40  Probe  
  90  6:42  Probe  
  90  6:46  Probe  
  90  6:48  Immortal  
  90  6:52  Probe  
  96  6:55  Probe  
  96  6:57  Probe  
  98  7:01  Gateway  
  98  7:04  Gateway, Probe  
  98  7:06  Gateway  
  98  7:07  Probe x2  
  100  7:08  Pylon  
  100  7:10  Pylon  
  101  7:16  Probe  
  101  7:18  Probe  
  104  7:28  Stalker x3, Probe  
  115  7:30  Assimilator  
  115  7:34  Gateway  
  114  7:38  Gateway  
  112  7:45  Pylon  
  112  7:47  Assimilator  
  113  8:06  Stalker x5  
  113  8:07  Stalker  

Tags
 
Add a new tag
Caveats
  • Supply blocks, unpowered buildings, or Contaminate may cause inaccurate times.
  • Supply counts are checked every 10 seconds.